Match 46831241
Unlisted

Match 46831241
End
Vickers Machine Gun Team
Construct Section Command Post
Construct Section Command Post
Selects Air and Sea Battlegroup
ML 3-inch Mortar Team
Infantry Section
Infantry Section
ML 3-inch Mortar Team
Construct Platoon Command Post
6-pounder Anti-tank Gun Team
Selects Commando Section Paradrop
Selects Commando Support Section Paradrop
Selects Supply Surplus
Commando Section Paradrop
Commando Section Paradrop
Construct Company Command Post
Commando Section Paradrop
Crusader II Medium Tank
Crusader II Medium Tank
AI Takeover
UND3RCOV3RWHALE
StiltonAndI
Sad Pepe
gio_misro
0
0

Comments sign in to comment!

No comments posted yet!